AoeStats
← stevengineer

Nomad

508916797Analyzed
3v3 RM · 7d ago on Sep 24, 2026· 45m 36s· 6 players
Game mode
Random Map
Map size
210×210
Population
200
Speed
Normal
Resources
Standard
Victory
Conquest
Starting age
Dark Age
Ending age
Imperial Age
RankedLock teamsTeams togetherTeam positionsShared explorationLock speedFull tech treeHidden civsTurbo modeCheats
Victory
Defeat
🇳🇱 Goths · Netherlands
840
+14
🇪🇨 Gurjaras · Ecuador
785
+16
🇨🇴 Huns · Colombia
773
+16
🇹🇷 Wu · Türkiye
844
-18
🇹🇼 Mongols · Taiwan
754
-14
🇮🇳 Bengalis · India
749
-14
JiB'S
5:17 Loom
15:38 Feudal Age
16:33 Horse Collar
26:11 Castle Age
24:08 Double-Bit Axe
28:27 Forging
42:34 Heavy Plow
42:46 Bow Saw
46:07 Iron Casting
Kamehame
3:32 Loom
15:21 Feudal Age
19:04 Double-Bit Axe
23:20 Castle Age
21:32 Fishing Lines
24:44 Town Watch
25:37 Wheelbarrow
26:51 Town Patrol
26:47 Fletching
27:05 Scale Barding Armor
26:55 Gillnets
27:48 Murder Holes
28:15 Ballistics
28:35 Masonry
30:19 Hand Cart
31:08 Bodkin Arrow
31:34 Chain Barding Armor
37:17 Imperial Age
38:38 Conscription
42:52 Husbandry
43:28 Bloodlines
stevengineer
3:26 Loom
17:35 Feudal Age
18:16 Horse Collar
18:26 Fishing Lines
19:00 Double-Bit Axe
19:09 Gold Mining
19:21 Stone Mining
21:04 Wheelbarrow
25:18 Castle Age
24:11 Arson
24:34 Scale Barding Armor
24:40 Forging
25:41 Bloodlines
29:38 Imperial Age
27:10 Husbandry
28:03 Gold Shaft Mining
27:55 Gillnets
29:14 Hand Cart
30:47 Town Watch
33:04 Chain Barding Armor
33:46 Iron Casting
34:40 Stone Shaft Mining
34:31 Town Patrol
36:18 Plate Barding Armor
36:58 Conscription
39:22 Elite Shrivamsha Rider
43:14 Ballistics
42:58 Padded Archer Armor
42:49 Fletching
44:13 Kshatriyas
44:20 Heavy Plow
44:33 Bow Saw
SevenLives <3
14:15 Loom
16:00 Feudal Age
16:53 Double-Bit Axe
19:12 Wheelbarrow
18:23 Town Watch
21:02 Fletching
22:05 Horse Collar
24:48 Gold Mining
24:50 Stone Mining
30:53 Castle Age
30:11 Bloodlines
32:58 Murder Holes
32:44 Treadmill Crane
33:25 Ballistics
36:01 Imperial Age
36:15 Husbandry
36:33 Scale Barding Armor
36:38 Forging
38:16 Chain Barding Armor
39:53 Plate Barding Armor
遇見佩特
4:17 Loom
13:59 Feudal Age
16:21 Double-Bit Axe
22:23 Castle Age
21:53 Horse Collar
26:18 Fishing Lines
28:31 Wheelbarrow
32:13 Hand Cart
34:56 Bow Saw
pratikmalusare99
7:27 Loom
19:15 Feudal Age
21:24 Wheelbarrow
20:35 Town Watch
20:36 Horse Collar
20:43 Double-Bit Axe
23:28 Man-at-Arms
23:46 Man-at-Arms
24:30 Stone Mining
24:33 Gold Mining
26:56 Castle Age
24:56 Arson
29:03 Hand Cart
28:48 Town Patrol
31:23 Long Swordsman
31:50 Gambesons
32:06 Squires
32:13 Pikeman
33:13 Murder Holes
33:40 Ballistics
34:36 Gold Shaft Mining
35:59 Masonry
40:07 Imperial Age
37:58 Medium Warships
38:06 Medium Warships
Connection lost

Rejoining the realm…

Still unreachable

The connection could not be restored.

Session expired

The server has moved on; the page needs a fresh start.